AoeStats
← Skall

Arabian Desert

509975664Analyzed
1v1 RM · 3d ago on Sep 28, 2026· 20m 5s· 2 players
Game mode
Random Map
Map size
Tiny (2 player)
Population
200
Speed
Normal
Resources
Standard
Victory
Conquest
Starting age
Dark Age
Ending age
Imperial Age
RankedLock teamsTeams togetherTeam positionsShared explorationLock speedFull tech treeHidden civsTurbo modeCheats
Victory
Defeat
🇦🇷 Franks · Argentina
1071
+17
🇪🇸 Ethiopians · Spain
1092
-17
Skall
6:50 Loom
10:01 Feudal Age
10:37 Double-Bit Axe
13:20 Forging
16:47 Wheelbarrow
18:24 Scale Barding Armor
Mito
8:14 Loom
10:40 Feudal Age
21:48 Castle Age
20:10 Gold Mining
Connection lost

Rejoining the realm…

Still unreachable

The connection could not be restored.

Session expired

The server has moved on; the page needs a fresh start.